 Dungeon Crawl Stone Soup version 0.31.0-12-g77e489cdc1 (webtiles) character file.

Game seed: 606078799176292697

35 lordive the Shooter (level 3, -3/31 HPs)
             Began as a Minotaur Hunter on Feb 28, 2024.
             Slain by Edmund
             ... wielding a +0 heavy dire flail
              (14 damage)
             ... on level 4 of the Dungeon.
             The game lasted 00:01:38 (507 turns).

lordive the Shooter (Minotaur Hunter)                Turns: 507, Time: 00:01:39

Health: -3/31      AC:  5    Str: 15    XL:     3   Next: 17%
Magic:  2/2        EV: 11    Int:  6    God:
Gold:   83         SH:  0    Dex: 15    Spells: 2/2 levels left

rFire   . . .        a - +0 shortbow
rCold   . . .        (shield currently unavailable)
rNeg    . . .        h - +0 ring mail
rPois   .            (helmet restricted)
rElec   .            (no cloak)
rCorr   .            (no gloves)
SInv    .            (no boots)
Will    .....        (no amulet)
Stlth   +            (no ring)
HPRegen 0.25/turn    (no ring)
MPRegen 0.08/turn

%: no passive effects
@: no status effects
A: horns 2, retaliatory headbutt
a: no special abilities


You were on level 4 of the Dungeon.
You visited 1 branch of the dungeon, and saw 4 of its levels.

You collected 83 gold pieces.

Inventory:

Hand Weapons
 a - a +0 shortbow (weapon)
Armour
 e - a +0 buckler
 h - a +0 ring mail (worn)
Scrolls
 b - a scroll of butterflies
 d - a scroll of brand weapon {unknown}
 g - a scroll of fear {unknown}
Potions
 f - a potion of curing {unknown}


   Skills:
 + Level 3.0 Fighting
 + Level 5.3 Ranged Weapons
 + Level 2.3 Dodging
 - Level 0.7 Stealth


You had 2 spell levels left.
You didn't know any spells.
Your spell library was empty.

Dungeon Overview and Level Annotations

Branches:
Dungeon (4/15)
 Temple: D:4-7

Altars:
Kikubaaqudgha

Annotations:
D:4 Edmund


Innate Abilities, Weirdness & Mutations

You have a pair of horns on your head.
You reflexively headbutt those who attack you in melee.


Message History

Edmund closely misses you. You furiously retaliate!
You headbutt Edmund.
Fire: a) +0 shortbow
Press: ? - help, Q - select action Shift-Dir - straight line, f/p - Edmund
Aim: Edmund, wielding a +0 heavy dire flail and wearing a +0 leather armour (severely wounded, 62% to hit)
You shoot an arrow. The arrow barely misses Edmund.
Edmund misses you.
Fire: a) +0 shortbow
Press: ? - help, Q - select action Shift-Dir - straight line, f/p - Edmund
Aim: Edmund, wielding a +0 heavy dire flail and wearing a +0 leather armour (severely wounded, 62% to hit)
You shoot an arrow. The arrow barely misses Edmund.
Edmund barely misses you.
Fire: a) +0 shortbow
Press: ? - help, Q - select action Shift-Dir - straight line, f/p - Edmund
Aim: Edmund, wielding a +0 heavy dire flail and wearing a +0 leather armour (severely wounded, 62% to hit)
You shoot an arrow. The arrow barely misses Edmund.
Edmund hits you with a +0 heavy dire flail!!
Ouch! That really hurt!
Fire: a) +0 shortbow
Press: ? - help, Q - select action Shift-Dir - straight line, f/p - Edmund
Aim: Edmund, wielding a +0 heavy dire flail and wearing a +0 leather armour (severely wounded, 62% to hit)
You shoot an arrow. The arrow barely misses Edmund.
Unknown command.
Fire: a) +0 shortbow
Press: ? - help, Q - select action Shift-Dir - straight line, f/p - Edmund
Aim: Edmund, wielding a +0 heavy dire flail and wearing a +0 leather armour (severely wounded, 62% to hit)
You shoot an arrow. The arrow hits Edmund.
Edmund is severely wounded.
Edmund barely misses you.
Fire: a) +0 shortbow
Press: ? - help, Q - select action Shift-Dir - straight line, f/p - Edmund
Aim: Edmund, wielding a +0 heavy dire flail and wearing a +0 leather armour (severely wounded, 62% to hit)
You shoot an arrow. The arrow barely misses Edmund.
Edmund closely misses you.
Fire: a) +0 shortbow
Press: ? - help, Q - select action Shift-Dir - straight line, f/p - Edmund
Aim: Edmund, wielding a +0 heavy dire flail and wearing a +0 leather armour (severely wounded, 62% to hit)
You shoot an arrow. The arrow barely misses Edmund.
Edmund hits you with a +0 heavy dire flail!
You die...
Edmund whines, "They better pay attention to me now!"

######################+#
#.......................
........................
..[................[....
........................
........................
................@@......
####'########'###.....##
#..(.# #.....#.....#
#....# #.....+.....#
+....# #.....#.....#
#....# #.....#.....#
##...# #.....#.....#
#...# #.....#.??..#
#...# #######


You could see Edmund.

Vanquished Creatures
  An adder (D:2)
  2 ribbon worms
  3 bats
  2 endoplasms (D:1)
  2 giant cockroaches (D:2)
  2 hobgoblins
  A kobold (D:1)
  A quokka (D:1)
  A ball python (D:1)
  2 frilled lizards
  3 goblins
  A rat (D:2)
21 creatures vanquished.

Notes
Turn   | Place    | Note
-------+----------+-------------------------------------------
     0 | D:1      | lordive the Minotaur Hunter began the quest for the Orb.
     0 | D:1      | Reached XP level 1. HP: 18/18 MP: 0/0
    99 | D:1      | Reached XP level 2. HP: 23/25 MP: 1/1
   188 | D:2      | Reached skill level 5 in Ranged Weapons
   240 | D:3      | Reached XP level 3. HP: 7/30 MP: 2/2
   342 | D:3      | Found an ancient bone altar of Kikubaaqudgha.
   488 | D:4      | Noticed Edmund
   507 | D:4      | Slain by Edmund

Illustrated notes

Levels and vault maps discovered:
D:1:      dpeg_arrival_yet_another_circle, layout_basic
D:2:      layout_loops_ring, hellmonk_ecumenical_altar_heavens_door,
          serial_bayou_lagoon_b, uniq_terence
D:3:      layout_loops_cross, yredelemnul_forgotten_temple_becter,
          overflow_temple_1_default, mainiacjoe_overflow_catwalk,
          uniq_crazy_yiuf_cottage
D:4:      layout_gridville, chequers_serial_rivers_micro_d, uniq_ijyb,
          uniq_sigmund, uniq_edmund, uniq_robin

Skill      XL: |  1  2  3 |
---------------+----------+-----
Ranged Weapons | 5 |  5.3
Fighting       | 3 |  3.0
Dodging        | |  2.3
Stealth        | |  0.7

Action                     || total
---------------------------++-------
   Fire: Shortbow          ||    92
 Armour: Leather armour    ||    15
         Ring mail         ||     4
  Dodge: Dodged            ||    37
